 Dungeon Crawl Stone Soup version 0.17-a0-2127-g1cb09f6 (webtiles) character file.

5821 Maka the Bludgeoner (level 10, -22/138 HPs)
             Began as an Ogre Berserker on Oct 22, 2015.
             Was a High Priest of Trog.
             Annihilated by Snorg (24 damage)
             ... on level 11 of the Dungeon.
             The game lasted 00:15:39 (9398 turns).

Maka the Bludgeoner (Ogre Berserker)                Turns: 9398, Time: 00:15:39

Health: -22/138    AC:  5    Str: 34    XL:     10   Next: 80%
Magic:  10/10      EV: 13    Int:  6    God:    Trog [*****.]
Gold:   491        SH:  0    Dex: 12    Spells: 0 memorised, 9 levels left

rFire  . . .     SeeInvis .     a - +1 giant club
rCold  . . .     Clarity  .     b - +1 animal skin
rNeg   . . .     SustAt   .     (no shield)
rPois  .         Gourm    .     (helmet restricted)
rElec  .         Spirit   .     y - +0 cloak
rCorr  .         Warding  .     (gloves unavailable)
rMut   .         Stasis   .     (boots unavailable)
MR     ++...                    C - amulet of regeneration
Stlth  ..........               j - ring of protection from magic
                                d - +5 ring of strength

@: berserking, very quick, very resistant to hostile enchantments, extremely
unstealthy
A: unfitting armour, tough skin 1
a: Berserk, Trog's Hand, Brothers in Arms, Burn Spellbooks, Renounce Religion


You were on level 11 of the Dungeon.
You worshipped Trog.
Trog was extremely pleased with you.
You were full.

You visited 1 branch of the dungeon, and saw 11 of its levels.

You collected 491 gold pieces.

Inventory:

Hand Weapons
 a - a +1 giant club (weapon)
 x - a +0 flail
 D - a +1 eveningstar of draining
Armour
 b - a +1 animal skin (worn)
 y - a +0 cloak (worn)
Jewellery
 d - a +5 ring of strength (left hand)
 g - an uncursed amulet of guardian spirit
 j - a ring of protection from magic (right hand)
 m - an uncursed amulet of warding
 C - an amulet of regeneration (around neck)
Wands
 B - a wand of magic darts (33)
 Z - a wand of teleportation (1)
Scrolls
 k - 2 scrolls of blinking
 r - 4 scrolls of remove curse
 t - 5 scrolls of teleportation
 v - 3 scrolls of enchant weapon
 w - 2 scrolls of enchant armour
Potions
 e - 4 potions of berserk rage
 h - 2 potions of lignification
 i - a potion of degeneration {unknown}
 l - 5 potions of curing
 n - 3 potions of haste
 o - a potion of resistance {unknown}
 p - a potion of cure mutation {unknown}
 q - a potion of ambrosia {unknown}
 s - a potion of invisibility {unknown}
 u - a potion of flight {unknown}
 z - 2 potions of heal wounds {unknown}
Comestibles
 c - 7 bread rations
 f - 6 meat rations
 A - 9 royal jellies


   Skills:
 - Level 4.0 Fighting
 + Level 17.3 Maces & Flails
 - Level 7.1 Dodging


You had 9 spell levels left.
You didn't know any spells.

Dungeon Overview and Level Annotations

Branches:
Dungeon (11/15)            Temple (0/1) D:5            Lair (0/8) D:8
    Orc: D:9-12

Altars:
Cheibriados
Dithmenos
Fedhas
Gozag
Sif Muna
Trog
Zin
The Shining One

Annotations:
D:11 Gastronok, Snorg


Innate Abilities, Weirdness & Mutations

You are too large for most types of armour.
You have tough skin (AC +1).


Message History

* * * LOW HITPOINT WARNING * * *
Snorg claws you.
* * * LOW HITPOINT WARNING * * *
Snorg claws you!
* * * LOW HITPOINT WARNING * * *
You barely miss Snorg.
Snorg is heavily wounded.
You bludgeon Snorg!!
Snorg is severely wounded.
Snorg bites you!
* * * LOW HITPOINT WARNING * * *
Snorg claws you.
* * * LOW HITPOINT WARNING * * *
Snorg claws you!
* * * LOW HITPOINT WARNING * * *
Unknown command.
You beat Snorg like a drum!!!
Snorg is almost dead.
Snorg bites you!!
You die...

#...............#
##.###.###.#.##.##
#.###.##........#
##...#.##..#.##..#
.....#.##..#.##..###
###....<.....##....#
####.####..........#
########
...........####.T..#
#.......
####............@.##
#.######
#..####.###....# #.# #
#..#
#.##..#..########.####
# # #..#
.##.###.............#
# # #..#
..#..#..########.##.#
# #..# ##....# #.##.#
# #... ##...# #.##.# #
###.####...# #.##.# #
...........# #.##.###


You could see Snorg (berserk).

Vanquished Creatures
  Erolcha (D:10)
  A two-headed ogre (D:10)
  Prince Ribbit (D:8)
  The ghost of Maka the Cudgeler, an amateur OgBe of Trog (D:3)
  A wraith (D:10)
  2 hippogriffs (D:8)
  A hungry ghost (D:8)
  2 soldier ants (D:9)
  4 orc warriors
  2 necrophages
  3 sky beasts
  A spider (D:9)
  A black bear (D:9)
  4 ogres
  3 centaurs
  2 big kobolds (D:10)
  A gnoll sergeant (D:9)
  4 giant frogs
  2 scorpions
  A wyvern skeleton (D:7)
  8 wights (D:10)
  A vampire bat (D:4)
  2 crimson imps
  A giant frog zombie (D:8)
  4 hounds
  A giant frog skeleton (D:6)
  2 iguanas (D:7)
  6 worker ants
  3 orc priests
  Ijyb (D:2)
  A centaur skeleton (D:4)
  10 orc wizards
  A killer bee zombie (D:7)
  A worker ant zombie (D:10)
  10 adders
  A gnoll (D:9)
  A shadow imp (D:9)
  An ooze (D:1)
  2 adder skeletons (D:4)
  An adder zombie (D:6)
  2 worms
  4 giant geckos
  31 orcs
  2 spectral bats (D:4)
  3 bat skeletons (D:4)
  A bat zombie (D:4)
  3 fire bats (D:4)
  5 giant cockroaches
  2 hobgoblins
  32 jackals
  12 kobolds
  5 quokkas
  3 ball pythons (D:1)
  12 bats
  A bat simulacrum (D:4)
  6 giant newts
  4 goblins
  6 rats
230 creatures vanquished.

Notes
Turn   | Place    | Note
--------------------------------------------------------------
     0 | D:1      | Maka the Ogre Berserker began the quest for the Orb.
     0 | D:1      | Reached XP level 1. HP: 24/24 MP: 1/1
    85 | D:1      | Reached XP level 2. HP: 32/32 MP: 2/2
   328 | D:1      | Reached skill level 5 in Maces & Flails
   523 | D:1      | Reached XP level 3. HP: 39/39 MP: 3/3
   762 | D:2      | Reached ** piety under Trog
   849 | D:2      | Noticed Ijyb
   853 | D:2      | Killed Ijyb
   853 | D:2      | Reached skill level 6 in Maces & Flails
   853 | D:2      | Reached XP level 4. HP: 48/48 MP: 4/4
  1335 | D:3      | Noticed Maka's ghost (amateur OgBe)
  1373 | D:3      | Killed Maka's ghost
  1373 | D:3      | Reached skill level 8 in Maces & Flails
  1373 | D:3      | Reached XP level 5. HP: 4/54 MP: 0/5
  1373 | D:3      | Reached XP level 6. HP: 4/62 MP: 0/6
  2147 | D:4      | Reached *** piety under Trog
  2297 | D:4      | Reached XP level 7. HP: 19/70 MP: 3/7
  2710 | D:4      | Reached skill level 5 in Dodging
  2732 | D:4      | Reached skill level 9 in Maces & Flails
  3106 | D:5      | Entered Level 5 of the Dungeon
  3401 | D:5      | Found a staircase to the Ecumenical Temple.
  3918 | D:6      | Reached skill level 10 in Maces & Flails
  3939 | D:6      | Reached XP level 8. HP: 62/78 MP: 5/8
  4215 | D:6      | Found a glowing silver altar of Zin.
  4217 | D:6      | Found a bloodstained altar of Trog.
  4217 | D:6      | Found a snail-covered altar of Cheibriados.
  4217 | D:6      | Found a blossoming altar of Fedhas.
  4320 | D:6      | Found a glowing golden altar of the Shining One.
  4322 | D:6      | Found an opulent altar of Gozag.
  4488 | D:6      | Reached **** piety under Trog
  4884 | D:7      | Reached skill level 11 in Maces & Flails
  5190 | D:7      | Reached XP level 9. HP: 84/84 MP: 9/9
  5345 | D:8      | Reached skill level 12 in Maces & Flails
  5877 | D:8      | Reached skill level 13 in Maces & Flails
  5881 | D:8      | Noticed Prince Ribbit
  5898 | D:8      | Killed Prince Ribbit
  6173 | D:8      | Found a deep blue altar of Sif Muna.
  6193 | D:8      | Reached ***** piety under Trog
  6580 | D:8      | Reached skill level 14 in Maces & Flails
  6611 | D:8      | Found a staircase to the Lair.
  7217 | D:9      | Reached skill level 15 in Maces & Flails
  7217 | D:9      | Reached XP level 10. HP: 74/92 MP: 10/10
  7884 | D:10     | Entered Level 10 of the Dungeon
  8068 | D:10     | Received a gift from Trog
  8153 | D:10     | Noticed Erolcha
  8164 | D:10     | Killed Erolcha
  8164 | D:10     | Reached skill level 16 in Maces & Flails
  8481 | D:10     | Found a shadowy altar of Dithmenos.
  8647 | D:10     | Reached skill level 17 in Maces & Flails
  9250 | D:11     | Noticed Gastronok
  9386 | D:11     | Noticed Snorg
  9397 | D:11     | HP: 2/138 [Snorg (7)]
  9398 | D:11     | Annihilated by Snorg

Vault maps used:
D:1:      ncdulo_smallfort, minmay_shallow_snake_nest
D:2:      minmay_misc_feat_five, uniq_iyjb
D:3:      hangedman_feature_mirror
D:4:      serial_glass, glass_columns_b, glass_columns_a, goddamned_bats
D:5:      minmay_temple_entry_statues_fountains, first_bread
D:6:      grunt_temple_overflow_open, nicolae_overflow_hidden_temple
D:8:      led_sif_book, lair_0_dummy, uniq_prince_ribbit1
D:9:      hangedman_pestilent_swarm, kennysheep_nub
D:10:     nicolae_dithmenos_through_a_glass_darkly, uniq_erolcha
D:11:     cheibrodos_magma_flow, uniq_gastronok, uniq_snorg, uniq_maud

Action                   |  1- 3 |  4- 6 |  7- 9 | 10-12 || total
-------------------------+-------+-------+-------+-------++-------
Melee: Mace              |    82 |   110 |       |       ||   192
       Flail             |       |    52 |   232 |       ||   284
       Giant club        |       |       |   131 |   127 ||   258
Invok: Berserk           |     1 |     2 |     6 |     3 ||    12
       Trog's Hand       |       |     2 |     1 |     2 ||     5
  Use: Scroll            |       |     4 |     9 |     4 ||    17
       Potion            |       |       |     1 |       ||     1
 Stab: Sleeping          |     1 |       |     1 |       ||     2
  Eat: Chunk             |       |     7 |    13 |     7 ||    27
       Beef jerky        |       |       |     1 |     4 ||     5
       Pizza             |       |       |     1 |       ||     1
       Meat ration       |       |       |     1 |       ||     1
       Royal jelly       |       |       |     1 |       ||     1
       Fruit             |       |       |       |     3 ||     3
